 Dungeon Crawl Stone Soup version 0.19.0-23-gf02e663 (webtiles) character file.

139 RKaid the Chucker (level 5, -2/50 HPs)
             Began as an Ogre Hunter on Nov 19, 2016.
             Killed by nerve-wracking pain
             ... invoked by an orc priest
              (14 damage)
             ... on level 3 of the Dungeon.
             The game lasted 00:05:40 (3794 turns).

RKaid the Chucker (Ogre Hunter)                     Turns: 3794, Time: 00:05:41

Health: -2/50      AC:  5    Str: 18    XL:     5   Next: 22%
Magic:  5/5        EV: 10    Int: 10    God:
Gold:   132        SH:  0    Dex: 10    Spells: 0 memorised, 4 levels left

rFire  + . .     SeeInvis .     a - +0 short sword
rCold  . . .     Gourm    .     u - +2 robe {rF+}
rNeg   . . .     Faith    .     (no shield)
rPois  .         Spirit   .     (helmet restricted)
rElec  .         Reflect  .     (no cloak)
rCorr  .         Harm     .     (gloves unavailable)
MR     .....                    (boots unavailable)
Stlth  +.........               (no amulet)
                                (no ring)
                                (no ring)

@: invisible
A: unfitting armour, tough skin 1
a: no special abilities


You were on level 3 of the Dungeon.
You were not hungry.

You visited 1 branch of the dungeon, and saw 3 of its levels.

You collected 132 gold pieces.

Inventory:

Hand Weapons
 a - a +0 short sword (weapon)
Missiles
 c - 4 large rocks (quivered) {!d}
 d - 2 throwing nets {=f}
Armour
 u - a +2 robe of fire resistance (worn)
   (You found it on level 3 of the Dungeon)
Jewellery
 r - a +3 amulet of reflection {unknown}
   (You found it on level 2 of the Dungeon)
Scrolls
 b - a scroll of enchant armour {unknown}
 e - a scroll of enchant weapon {unknown}
 i - a scroll of amnesia {unknown}
 j - a scroll of fog {unknown}
 k - 4 scrolls of identify {unknown}
 l - a scroll of noise {unknown}
 n - 3 scrolls of random uselessness {unknown}
 p - a scroll of teleportation {unknown}
 q - a scroll of remove curse {unknown}
Potions
 g - a potion of lignification {unknown}
 h - a potion of haste {unknown}
 m - a potion of curing {unknown}
 t - a potion of mutation {unknown}
Comestibles
 s - 2 meat rations


   Skills:
 - Level 2.6 Fighting
 + Level 2.0 Short Blades
 + Level 5.4 Throwing
 - Level 1.7 Dodging
 - Level 0.6 Stealth


You had 4 spell levels left.
You didn't know any spells.

Dungeon Overview and Level Annotations

Branches:
Dungeon (3/15)

Altars:
Gozag

Annotations:
D:3 UranusSolar's ghost, amateur DsFi


Innate Abilities, Weirdness & Mutations

You are too large for most types of armour.
You have tough skin. (AC +1)


Message History

You flicker for a moment.
You start resting.
You flicker back into view.
You start resting.
All of the chunks of flesh in your inventory have rotted away.
Your magical contamination has completely faded away.
You start resting.
You are feeling hungry.
You start resting.
You start waiting.
You are feeling very hungry.
You start waiting.
Done waiting.
q - a scroll labeled EKLIOG NIGEIL
Okay, then.
You see here a runed robe.
u - a runed robe Wear which item? (? for menu, Esc to quit)
You start removing your armour.
You continue taking off your +0 robe. x4
You finish taking off your +0 robe.
You start putting on your armour.
You continue putting on your runed robe. x5
You finish putting on your +2 robe of fire resistance.
You feel resistant to fire.
Drop what? 21/52 slots (_ for help) (? for menu, Esc to quit)
You drop a +0 robe.
b - a scroll labeled MOMIMPASOZ You start eating the bread ration.
You continue eating. x2
You finish eating.
That bread ration really hit the spot!
You see here a +0 robe.
You now have 132 gold pieces (gained 15).
UranusSolar's ghost (amateur Demonspawn Fighter) comes into view.
UranusSolar's ghost turns its malevolent gaze towards you.
UranusSolar's ghost moves out of view.
Press: ? - help, v - describe, . - travel
Here: UranusSolar's ghost The floor.
A leopard gecko comes into view.
UranusSolar's ghost hits you but does no damage.
The leopard gecko completely misses you.
The leopard gecko barely misses you.
The leopard gecko bites you but does no damage.
The leopard gecko barely misses you.
You barely miss the leopard gecko. The leopard gecko bites you.
The leopard gecko barely misses you.
You hit the leopard gecko. The leopard gecko bites you.
You barely miss the leopard gecko.
The leopard gecko bites you but does no damage.
The leopard gecko barely misses you.
You closely miss the leopard gecko.
The leopard gecko bites you but does no damage.
An orc comes into view. It is wielding a dagger.
You closely miss the leopard gecko.
The orc shouts!
The leopard gecko bites you but does no damage.
An orc priest comes into view. It is wielding a flail.
You completely miss the leopard gecko.
The orc priest shouts!
The leopard gecko misses you.
The orc priest moves out of view.
The leopard gecko bites you.
You closely miss the leopard gecko. The leopard gecko barely misses you.
An orc comes into view. It is wielding a short sword.
You barely miss the leopard gecko.
The orc shouts!
The leopard gecko bites you.
The orc moves out of view.
You closely miss the leopard gecko. The leopard gecko bites you.
UranusSolar's ghost laughs, "And you think you're capable of finding the ORB?
I had it, you know.
Then I gave it away so I could steal it AGAIN."
You barely miss the leopard gecko. The leopard gecko bites you.
The orc hits you with a dagger.
Okay, then.
You hit the orc but do no damage.
The leopard gecko bites you but does no damage.
The leopard gecko hisses menacingly.
The leopard gecko bites you. The orc hits you with a dagger.
You barely miss the leopard gecko. The leopard gecko bites you.
The orc hits you but does no damage.
You hit the orc priest. The orc priest hits you with a flail.
The leopard gecko barely misses you. The orc completely misses you.
You barely miss the orc priest. The leopard gecko barely misses you.
The orc barely misses you.
You hit the orc priest but do no damage.
The leopard gecko bites you. The orc priest hits you with a flail.
The orc barely misses you.
You closely miss the orc priest. The leopard gecko bites you.
The orc hits you with a short sword. The orc priest hits you with a flail!
The orc hits you but does no damage. The leopard gecko bites you.
You hit the orc priest. The orc completely misses you.
UranusSolar's ghost shrieks, "Very impressive.
But it won't help.
Nothing will."
The leopard gecko closely misses you.
The orc priest looks encouraged for a moment.
The orc hits you with a dagger.
* * * LOW HITPOINT WARNING * * *
Okay, then.
You fade into invisibility!
The orc barely misses you.
The leopard gecko bites you but does no damage.
The orc priest mumbles some strange prayers to Beogh against you.
Pain shoots through your body!
You die...

....#.#.. ..[.......
... .#.......##. ..
.#............# .#
(....#...##... ###.##
#....#........ #....#
............. #....#
............. #oo..#
##...###.##.####@o..#
#...# #.##...Wl...##
#...###.##.########
##..........#
.........####
##..########
...........##########
....######.##.......#
##..# #.[........#


You could see an orc priest, UranusSolar's ghost, 2 orcs and a leopard gecko.

Vanquished Creatures
  3 gnolls
  2 adders (D:2)
  An ooze (D:1)
  2 worms (D:2)
  A dart slug (D:2)
  A leopard gecko (D:1)
  A ball python (D:2)
  2 giant cockroaches
  8 goblins
  14 hobgoblins
  17 jackals
  5 kobolds
  A quokka (D:2)
  4 bats
  2 frilled lizards
  7 rats
71 creatures vanquished.

Notes
Turn   | Place    | Note
-------+----------+-------------------------------------------
     0 | D:1      | RKaid the Ogre Hunter began the quest for the Orb.
     0 | D:1      | Reached XP level 1. HP: 22/22 MP: 1/1
   138 | D:1      | Reached XP level 2. HP: 16/29 MP: 2/2
   957 | D:1      | Reached XP level 3. HP: 27/36 MP: 3/3
  1059 | D:1      | Reached skill level 1 in Short Blades
  1601 | D:2      | Reached XP level 4. HP: 34/44 MP: 4/4
  1817 | D:2      | Found an opulent altar of Gozag.
  2100 | D:2      | Reached skill level 5 in Throwing
  3180 | D:2      | Reached XP level 5. HP: 33/50 MP: 5/5
  3184 | D:2      | HP: 8/50 [gnoll (6)]
  3225 | D:3      | HP: 11/50 [gnoll (4)]
  3229 | D:3      | HP: 5/50 [gnoll (2)]
  3235 | D:3      | HP: 1/50 [gnoll (5)]
  3237 | D:3      | Reached skill level 2 in Short Blades
  3744 | D:3      | Noticed UranusSolar's ghost (amateur DsFi)
  3793 | D:3      | HP: 12/50 [orc/dagger (5)]
  3794 | D:3      | Killed from afar by an orc priest

Skill      XL: |  1  2  3  4  5 |
---------------+----------------+-----
Short Blades   | 1 2 |  2.0
Throwing       | 5 |  5.4
Fighting       | |  2.6
Dodging        | |  1.7
Stealth        | |  0.6

Action                   |  1- 3 |  4- 6 || total
-------------------------+-------+-------++-------
Melee: Short sword       |   158 |   187 ||   345
Throw: Large rock        |     4 |     6 ||    10
  Use: Potion            |       |     2 ||     2
 Stab: Invisible         |       |     1 ||     1
  Eat: Chunk             |     2 |     6 ||     8
       Bread ration      |       |     1 ||     1
Armor: Robe              |    34 |    60 ||    94
Dodge: Dodged            |    87 |   130 ||   217

Vault maps used:
D:1:      dpeg_arrival_ternary, minmay_cut_off
D:2:      minivault_4, grunt_gozag_statues, uniq_crazy_yiuf_cottage
D:3:      serial_aquarium, aquarium_bridge_straight, aquarium_bridge_square,
          aquarium_window_fake, aquarium_window_1, aquarium_window_fake,
          aquarium_view_2g, aquarium_view_2c, aquarium_pool_corner, first_bread

Table legend:
 A = Turns spent in this place as a percentage of turns spent in the entire game.
 B = Non-inter-level travel turns spent in this place as a percentage of non-inter-level travel turns spent in the entire game.
 C = Inter-level travel turns spent in this place as a percentage of turns spent in this place.
 D = Turns resting spent in this place as a percentage of non-inter-level travel turns spent in this place.
 E = Turns spent auto-exploring this place as a percentage of non-inter-level travel turns spent in this place.
 F = Non-inter-level travel turns spent in this place divided by the number of levels of this place that you've seen.
                   A       B       C       D       E      F
               +-------+-------+-------+-------+-------+----------------------
         Total | 100.0 | 100.0 |   0.1 |   5.6 |   5.7 | 298.0
       Dungeon | 100.0 | 100.0 |   0.1 |   5.6 |   5.7 | 298.0
               +-------+-------+-------+-------+-------+----------------------

Table legend:
 A = Kills in this place as a percentage of kills in entire the game.
 B = Kills by you in this place as a percentage of kills by you in the entire game.
 C = Kills by friends in this place as a percentage of kills by friends in the entire game.
 D = Other kills in this place as a percentage of other kills in the entire game.
 E = Experience gained in this place as a percentage of experience gained in the entire game.
 F = Experience gained in this place divided by the number of levels of this place that you have seen.
                   A       B       C       D       E      F
               +-------+-------+-------+-------+-------+----------------------
         Total | 100.0 | 100.0 |  -nan |  -nan | 100.0 |  66.3
       Dungeon | 100.0 | 100.0 |  -nan |  -nan | 100.0 |  66.3
               +-------+-------+-------+-------+-------+----------------------
